 Dungeon Crawl Stone Soup version 0.19.1 (webtiles) character file.

8618 ImaNewbie the Destroyer (level 11, -6/89 HPs)
             Began as a Pale Draconian Conjurer on Nov 29, 2016.
             Was a Priest of Vehumet.
             Mangled by a six-headed hydra (8 damage)
             ... on level 1 of the Lair of Beasts on Nov 30, 2016.
             The game lasted 01:03:34 (11061 turns).

ImaNewbie the Destroyer (Pale Draconian Conjurer)  Turns: 11061, Time: 01:03:35

Health: -6/89      AC:  9    Str: 11    XL:     11   Next: 12%
Magic:  0/24       EV: 12    Int: 19    God:    Vehumet [***...]
Gold:   465        SH:  0    Dex: 11    Spells: 8 memorised, 2 levels left

rFire  . . .     SeeInvis .     w - +3 quarterstaff (chaos)
rCold  . . .     Gourm    .     (armour unavailable)
rNeg   + . .     Faith    .     (shield currently unavailable)
rPois  +         Spirit   .     (helmet restricted)
rElec  .         Reflect  .     v - +1 cloak
rCorr  .         Harm     .     (no gloves)
MR     .....                    (no boots)
Stlth  ++........               (no amulet)
                                H - ring of positive energy
                                k - ring of poison resistance

@: no status effects
A: breathe steam, unfitting armour, cold-blooded, AC +7
a: Breathe Steam, Renounce Religion


You were on level 1 of the Lair of Beasts.
You worshipped Vehumet.
Vehumet was most pleased with you.
You were hungry.

You visited 3 branches of the dungeon, and saw 13 of its levels.

You collected 465 gold pieces.

Inventory:

Hand Weapons
 w - a +3 quarterstaff of chaos (weapon)
 x - a +0 dagger of speed
 B - the +4 mace of Moejiufaf {crush, rC++ MR+++ Int-3 SInv}
   (You found it on level 5 of the Dungeon)

   It inflicts extra damage upon your enemies.
   It affects your intelligence (-3).
   It greatly protects you from cold.
   It affects your resistance to hostile enchantments.
   It lets you see invisible.
 P - a +2 spear
Armour
 p - a +0 buckler
 v - a +1 cloak (worn)
Magical Staves
 y - an uncursed staff of poison
Jewellery
 k - a ring of poison resistance (left hand)
 H - a ring of positive energy (right hand)
 I - an uncursed ring of ice
Wands
 m - a wand of hasting (2/9)
 t - a wand of digging (18/24)
 D - a wand of disintegration (6/24)
 E - a wand of iceblast (0/15)
 F - a wand of disintegration (5/24)
 K - a wand of acid (0/15)
Scrolls
 d - 3 scrolls of enchant armour
 e - 2 scrolls of teleportation
 g - 3 scrolls of recharging
 l - a scroll of fear
 q - a scroll of immolation
 u - a scroll of silence {unknown}
 z - 4 scrolls of remove curse
 G - a scroll of summoning {unknown}
Potions
 c - a potion of berserk rage
 f - a potion of ambrosia
 h - a potion of agility
 o - 2 potions of cancellation
 r - 2 potions of curing
 s - 2 potions of haste
 A - 3 potions of might
 C - a potion of brilliance {unknown}
 J - a potion of resistance {unknown}
 L - 2 potions of flight
 M - a potion of lignification {unknown}
 Q - a potion of heal wounds {unknown}
Books
 a - a book of Conjurations

   Spells                             Type                      Level
   a - Magic Dart                     Conjuration                  1
   b - Searing Ray                    Conjuration                  2
   c - Dazzling Spray                 Conjuration/Hexes            3
   d - Fulminant Prism                Conjuration/Hexes            4
   e - Iskenderun's Mystic Blast      Conjuration                  4
   f - Iskenderun's Battlesphere      Conjuration/Charms           5
 j - a book of Necromancy

   Spells                             Type                      Level
   a - Pain                           Necromancy                   1
   b - Animate Skeleton               Necromancy                   1
   c - Vampiric Draining              Necromancy                   3
   d - Regeneration                   Charms/Necromancy            3
   e - Animate Dead                   Necromancy                   4
   f - Control Undead                 Necromancy                   4
Comestibles
 b - 13 bread rations
 i - a meat ration
 n - 3 royal jellies
 N - 9 slices of pizza
 O - 9 chunks of flesh


   Skills:
 + Level 6.1 Fighting
 - Level 1.7 Dodging
 - Level 1.7 Stealth
 + Level 9.1 Spellcasting
 + Level 10.3 Conjurations
 - Level 6.0 Hexes
 + Level 5.6 Charms


You had 2 spell levels left.
You knew the following spells:

 Your Spells              Type           Power        Failure   Level  Hunger
a - Magic Dart            Conj           ####         1%          1    None
b - Searing Ray           Conj           #####.       1%          2    None
c - Dazzling Spray        Conj/Hex       #####.       1%          3    None
d - Fulminant Prism       Conj/Hex       #####.....   1%          4    ###....
e - Iskenderun's Mystic   Conj           #####...     1%          4    ###....
f - Iskenderun's Battles  Conj/Chrm      #####...     3%          5    #####..
g - Regeneration          Chrm/Necr      ###.......   10%         3    None
h - Throw Icicle          Conj/Ice       ####....     3%          4    ###....


Dungeon Overview and Level Annotations

Branches:
Dungeon (11/15)            Temple (1/1) D:4            Lair (1/6) D:11
    Orc: D:9-12

Altars:
Ashenzari
Cheibriados
Dithmenos
Elyvilon
Fedhas
Gozag
Hepliaklqana
Kikubaaqudgha
Makhleb
Nemelex Xobeh
Okawaru
Qazlal
Ru
Sif Muna
Trog
Uskayaw
Vehumet
Xom
Yredelemnul
Zin
The Shining One

Shops:
D:4 ?

Annotations:
D:11 Erolcha


Innate Abilities, Weirdness & Mutations

You can breathe blasts of scalding, opaque steam.
Your pale cyan-grey scales are hard. (AC +7)
You cannot fit into any form of body armour.
You are cold-blooded and may be slowed by cold attacks.


Message History

Unknown command.
Casting: Throw Icicle
Confirm with . or Enter, or press ? or * to list all spells.
Okay, then.
Unknown command.
Casting: Throw Icicle
Confirm with . or Enter, or press ? or * to list all spells.
Aiming: Iskenderun's Mystic Blast
Press: ? - help, Shift-Dir - straight line, f/p - six-headed hydra
Aim: a six-headed hydra (severely wounded)
The orb of energy hits the six-headed hydra.
The six-headed hydra is severely wounded.
The orb of energy explodes!
The six-headed hydra bites you!
* * * LOW HITPOINT WARNING * * *
The six-headed hydra bites you.
* * * LOW HITPOINT WARNING * * *
The six-headed hydra bites you!
* * * LOW HITPOINT WARNING * * *
The six-headed hydra bites you!
You die...

#...........#
#..........#
##........#
###....[....#
#...........##
#.............^##
...!............##
.........###D....##
........## ##@....#
......### ##.....#
...#. P.....# #P#
#...... ##.... #...
#.. #.


You could see a six-headed hydra.

Vanquished Creatures
  An unseen horror (D:7)
  A hill giant (D:11)
  The ghost of eggzz the Carver, a novice MiBe of Trog (D:7)
  A centaur zombie (D:10)
  Grum (D:11)
  9 yaks (D:9)
  A hungry ghost (D:10)
  2 water moccasins (D:8)
  3 orc warriors
  3 phantoms
  An ice beast (D:6)
  A necrophage (D:9)
  5 sky beasts
  2 wolves (D:11)
  5 ogres
  3 crocodiles
  2 centaurs
  2 big kobolds
  7 bullfrogs
  2 scorpions
  6 killer bees (D:9)
  15 wights
  5 crimson imps
  A hound (D:8)
  8 orc priests
  4 jellies
  Crazy Yiuf (D:2)
  5 orc wizards
  3 iguanas
  6 worker ants
  A killer bee zombie (D:10)
  A hound zombie (D:7)
  A hound skeleton (D:9)
  A howler monkey zombie (D:9)
  3 worker ant zombies
  3 gnolls (D:5)
  12 adders
  2 river rats (D:11)
  3 shadow imps
  An ooze (D:1)
  An adder zombie (D:6)
  3 dart slugs
  8 leopard geckos
  33 orcs
  8 giant cockroaches
  11 goblins
  7 hobgoblins
  11 jackals
  4 quokkas
  14 bats
  6 frilled lizards
  13 kobolds
  48 rats
  A fungus (D:11)
303 creatures vanquished.

Vanquished Creatures (others)
  A goblin (D:3)
  33 fulminant prisms
  12 fungi (D:11)
  14 plants (D:11)
60 creatures vanquished.

Grand Total: 363 creatures vanquished

Notes
Turn   | Place    | Note
-------+----------+-------------------------------------------
     0 | D:1      | ImaNewbie the Draconian Conjurer began the quest for the Orb.
     0 | D:1      | Reached XP level 1. HP: 14/14 MP: 3/3
   273 | D:1      | Reached XP level 2. HP: 20/20 MP: 5/5
   676 | D:1      | Learned a level 2 spell: Searing Ray
   898 | D:1      | Reached XP level 3. HP: 26/26 MP: 7/7
  1751 | D:2      | Found a blossoming altar of Fedhas.
  1843 | D:2      | Reached XP level 4. HP: 27/33 MP: 8/8
  2108 | D:2      | Found a runed door.
  2304 | D:2      | Reached skill level 5 in Conjurations
  2435 | D:2      | Learned a level 3 spell: Dazzling Spray
  2435 | D:2      | Noticed Crazy Yiuf
  2439 | D:2      | Killed Crazy Yiuf
  2439 | D:2      | Reached XP level 5. HP: 38/38 MP: 5/10
  2526 | D:3      | Found a shattered altar of Ashenzari.
  2611 | D:3      | Found a white marble altar of Elyvilon.
  3342 | D:4      | Found a hazy altar of Hepliaklqana.
  3344 | D:4      | Found an opulent altar of Gozag.
  3416 | D:4      | Noticed an ogre
  3423 | D:4      | Killed an ogre
  3423 | D:4      | Reached XP level 6. HP: 45/45 MP: 1/12
  3748 | D:4      | Reached skill level 6 in Conjurations
  3881 | D:4      | Found a staircase to the Ecumenical Temple.
  3888 | Temple   | Entered the Ecumenical Temple
  4208 | D:4      | Found Pityceet's Magic Scroll Shop.
  4216 | D:4      | Reached skill level 5 in Spellcasting
  4588 | D:4      | Your scales start taking on a pale cyan-grey colour.
  4588 | D:4      | Reached XP level 7. HP: 42/50 MP: 6/14
  4603 | D:4      | Found a hide-covered altar of Uskayaw.
  4603 | D:4      | Found a shimmering altar of Xom.
  4605 | D:4      | Found an iron altar of Okawaru.
  4649 | D:5      | Entered Level 5 of the Dungeon
  4803 | D:5      | Found a sparkling altar of Nemelex Xobeh.
  5004 | D:5      | Learned a level 4 spell: Fulminant Prism
  5019 | D:5      | Found a deep blue altar of Sif Muna.
  5069 | D:5      | Reached skill level 1 in Hexes
  5073 | D:5      | Got a jewelled mace
  5077 | D:5      | Identified the +4 mace of Moejiufaf {crush, rC++ MR+++ Int-3 SInv} (You found it on level 5 of the Dungeon)
  5123 | D:5      | Reached skill level 7 in Conjurations
  5301 | D:5      | Found a shimmering altar of Xom.
  5684 | D:6      | Reached XP level 8. HP: 54/57 MP: 5/16
  6048 | D:6      | Found a radiant altar of Vehumet.
  6060 | D:6      | Became a worshipper of Vehumet
  6620 | D:7      | Found a white marble altar of Elyvilon.
  6831 | D:7      | Noticed an unseen horror
  6842 | D:7      | Killed an unseen horror
  6842 | D:7      | Reached skill level 8 in Conjurations
  6842 | D:7      | Reached skill level 5 in Hexes
  6842 | D:7      | Reached XP level 9. HP: 16/62 MP: 6/19
  7090 | D:7      | Noticed eggzz's ghost (novice MiBe)
  7332 | D:7      | Gained mutation: Scrolls take you a little longer to read. [potion of mutation]
  7332 | D:7      | Gained mutation: Your flesh is heat resistant. (rF+) [potion of mutation]
  7332 | D:7      | Gained mutation: Your magical capacity is low. (-10% MP) [potion of mutation]
  7333 | D:7      | Lost mutation: Your flesh is heat resistant. (rF+) [potion of cure mutation]
  7333 | D:7      | Lost mutation: Your magical capacity is low. (-10% MP) [potion of cure mutation]
  7333 | D:7      | Lost mutation: Scrolls take you a little longer to read. [potion of cure mutation]
  7372 | D:7      | Reached * piety under Vehumet
  7372 | D:7      | Offered knowledge of Freeze by Vehumet.
  7424 | D:7      | Reached skill level 1 in Fighting
  7821 | D:7      | Killed eggzz's ghost
  7951 | D:8      | Reached skill level 9 in Conjurations
  8449 | D:8      | Learned a level 5 spell: Iskenderun's Battlesphere
  8853 | D:9      | Reached skill level 1 in Charms
  8942 | D:9      | Reached XP level 10. HP: 78/78 MP: 17/22
  9040 | D:9      | Offered knowledge of Throw Frost by Vehumet.
  9045 | D:9      | Reached ** piety under Vehumet
  9128 | D:9      | Gained mutation: Your magical capacity is low. (-10% MP) [potion of mutation]
  9128 | D:9      | Gained mutation: Your magical capacity is very low. (-20% MP) [potion of mutation]
  9128 | D:9      | Gained mutation: Your system is resistant to poisons. (rPois) [potion of mutation]
  9129 | D:9      | Lost mutation: Your magical capacity is very low. (-20% MP) [potion of cure mutation]
  9129 | D:9      | Lost mutation: Your system is resistant to poisons. (rPois) [potion of cure mutation]
  9129 | D:9      | Lost mutation: Your magical capacity is low. (-10% MP) [potion of cure mutation]
  9138 | D:9      | Found a bloodstained altar of Trog.
  9241 | D:9      | Reached skill level 5 in Fighting
  9624 | D:10     | Entered Level 10 of the Dungeon
  9864 | D:10     | Reached skill level 10 in Conjurations
  9887 | D:10     | Reached skill level 5 in Charms
  9922 | D:10     | Offered knowledge of Static Discharge by Vehumet.
 10156 | D:10     | Learned a level 3 spell: Regeneration
 10161 | D:10     | Learned a level 4 spell: Iskenderun's Mystic Blast
 10389 | D:10     | Reached *** piety under Vehumet
 10529 | D:11     | Found a shadowy altar of Dithmenos.
 10595 | D:11     | Noticed Grum
 10617 | D:11     | Killed Grum
 10617 | D:11     | Reached XP level 11. HP: 73/89 MP: 3/24
 10762 | D:11     | Noticed a red ugly thing
 10831 | D:11     | Noticed a hill giant
 10858 | D:11     | Killed a hill giant
 10858 | D:11     | Offered knowledge of Throw Icicle by Vehumet.
 10954 | D:11     | Learned a level 4 spell: Throw Icicle
 11027 | D:11     | Noticed Erolcha
 11037 | D:11     | Found a staircase to the Lair.
 11042 | Lair:1   | Entered Level 1 of the Lair of Beasts
 11049 | Lair:1   | Noticed a six-headed hydra
 11061 | Lair:1   | HP: 2/89 [six-headed hydra (7)]
 11061 | Lair:1   | Mangled by a six-headed hydra

Skill      XL: |  1  2  3  4  5  6  7  8  9 10 11 |
---------------+----------------------------------+-----
Spellcasting   | 3 4 5 6 8 9 |  9.1
Conjurations   | 5 6 7 8 9 10 | 10.3
Hexes          | 2 5 6 |  6.0
Fighting       | 4 5 6 |  6.1
Charms         | 1 5 |  5.6
Dodging        | |  1.7
Stealth        | |  1.7

Action                   |  1- 3 |  4- 6 |  7- 9 | 10-12 || total
-------------------------+-------+-------+-------+-------++-------
Melee: Unarmed           |    10 |       |       |       ||    10
       Club              |    46 |       |       |       ||    46
       Tailslap          |    10 |     8 |    14 |     6 ||    38
       Dagger            |    41 |       |       |       ||    41
       Spear             |    21 |    55 |       |     9 ||    85
       Quarterstaff      |       |    47 |    77 |    60 ||   184
       Mace              |       |       |    21 |     9 ||    30
       Whip              |       |       |    16 |       ||    16
 Cast: Magic Dart        |    38 |    50 |    97 |    40 ||   225
       Searing Ray       |       |     8 |    35 |    22 ||    65
       Dazzling Spray    |       |     2 |     8 |    12 ||    22
       Fulminant Prism   |       |       |    12 |    21 ||    33
       Iskenderun's Batt |       |       |       |     5 ||     5
       Iskenderun's Myst |       |       |       |     6 ||     6
       Regeneration      |       |       |       |     1 ||     1
       Throw Icicle      |       |       |       |     4 ||     4
 Abil: Breathe Steam     |       |       |     3 |     1 ||     4
Evoke: Wand              |       |       |       |     4 ||     4
  Use: Scroll            |       |    14 |     6 |     3 ||    23
       Potion            |       |       |     2 |     2 ||     4
 Stab: Sleeping          |     3 |     1 |       |       ||     4
       Petrified         |       |       |     1 |       ||     1
       Invisible         |       |       |       |     2 ||     2
  Eat: Chunk             |     3 |     9 |    12 |    11 ||    35
       Pizza             |       |       |     1 |       ||     1
       Beef jerky        |       |       |     1 |       ||     1
Armor: Skin              |    61 |    23 |    50 |    59 ||   193
Dodge: Dodged            |    85 |    69 |    86 |    97 ||   337
